[Event "WYCC 2018 O18"]
[Site "Halkidiki"]
[Date "2018.10.26"]
[Round "7"]
[White "Ranaldi, Lucas"]
[Black "Olimjonov, Sarvarbek"]
[Result "0-1"]
[ECO "A41"]
[WhiteElo "2335"]
[BlackElo "2074"]
[Annotator "NA"]
[PlyCount "80"]
[EventDate "2018.10.20"]
[EventType "swiss"]
[EventCountry "GRE"]
[SourceTitle "playchess.com"]
[Source "ChessBase"]
[SourceQuality "1"]
[TimeControl "40/5400+30:1800+30"]

1. Nf3 d6 2. d4 Bg4 3. e4 Nf6 4. Nc3 Nbd7 5. Be2 c5 6. d5 g6 7. O-O Bg7 8. Nd2 Bxe2 9. Qxe2 O-O 10. Rd1 Nh5 11. a4 f5 12. exf5 Rxf5 13. Nde4 Nf4 14. Bxf4 Rxf4 15. g3 Rf5 16. Kg2 h6 17. f4 Kh8 18. a5 a6 19. Ra4 Qg8 20. Qg4 Qf7 21. Qe2 Rb8 22. b3 Rf8 23. h4 Kg8 24. Qd3 g5 25. hxg5 hxg5 26. Ne2 b5 27. Ra2 gxf4 28. gxf4 Nf6 29. Nxf6+ Qxf6 30. Rf1 Qg6+ 31. Ng3 Qg4 32. c4 bxc4 33. bxc4 Rxf4 34. Rxf4 Rxf4 35. Rc2 Be5 36. Rf2 Rf6 37. Rf3 Kg7 38. Re3 Rg6 39. Kf2 Qf4+ 40. Kg2 Kf6 0-1

[Event "WYCC 2018 O18"]
[Site "Halkidiki"]
[Date "2018.10.26"]
[Round "7"]
[White "Wang, Shixu B"]
[Black "Alexakis, Dimitris"]
[Result "1/2-1/2"]
[ECO "E73"]
[WhiteElo "2330"]
[BlackElo "2186"]
[Annotator "NA"]
[PlyCount "143"]
[EventDate "2018.10.20"]
[EventType "swiss"]
[EventCountry "GRE"]
[SourceTitle "playchess.com"]
[Source "ChessBase"]
[SourceQuality "1"]
[TimeControl "40/5400+30:1800+30"]

1. d4 Nf6 2. c4 g6 3. Nc3 Bg7 4. e4 d6 5. Be2 O-O 6. Be3 c5 7. d5 e6 8. Nf3 exd5 9. exd5 Bf5 $11 10. O-O Ne4 11. Nxe4 Bxe4 12. Qd2 Qb6 13. Ng5 Bf5 14. g4 Bc8 15. Rab1 Nd7 16. h3 Re8 17. b3 Nf6 18. Bd3 h6 19. Nxf7 Rxe3 20. Nxh6+ Bxh6 21. fxe3 Nd7 22. Bxg6 Qd8 23. Bf5 Ne5 24. Qe2 Kg7 25. Kg2 Qe7 26. e4 Bg5 27. Rh1 Bxf5 28. exf5 Rh8 29. b4 cxb4 30. Rxb4 b6 31. a4 Re8 32. Qe4 Qd8 33. Re1 Re7 34. Qd4 Kg8 35. Rbb1 Rc7 36. Rb4 a5 37. Rxb6 Rxc4 38. Rxd6 Rxd4 39. Rxd8+ Bxd8 40. Rxe5 Bf6 41. Re6 Kf7 42. Ra6 Rxd5 43. Ra7+ Ke8 44. Ra6 Bd8 45. Re6+ Kf7 46. Kf3 Rd3+ 47. Re3 Rd1 48. Re4 Rf1+ 49. Kg3 Rg1+ 50. Kf3 Ra1 51. Kf4 Be7 52. Rd4 Bf6 53. Rc4 Rf1+ 54. Ke4 Rh1 55. Rc7+ Ke8 56. Rh7 Rd1 57. h4 Rd4+ 58. Kf3 Rd3+ 59. Ke4 Rd4+ 60. Kf3 Rd3+ 61. Ke2 Rg3 62. g5 Bxg5 63. hxg5 Rxg5 64. f6 Rg4 65. Ra7 Rxa4 66. Kd3 Rf4 67. Rxa5 Rxf6 68. Ke4 Rh6 69. Rd5 Rh4+ 70. Ke5 Rh5+ 71. Ke4 Rxd5 72. Kxd5 1/2-1/2

[Event "WYCC 2018 O18"]
[Site "Halkidiki"]
[Date "2018.10.26"]
[Round "7"]
[White "Banzea, Alexandru-Bogdan"]
[Black "Polyakov, Fedor"]
[Result "1-0"]
[ECO "B31"]
[WhiteElo "2313"]
[BlackElo "2036"]
[Annotator "NA"]
[PlyCount "59"]
[EventDate "2018.10.20"]
[EventType "swiss"]
[EventCountry "GRE"]
[SourceTitle "playchess.com"]
[Source "ChessBase"]
[SourceQuality "1"]
[TimeControl "40/5400+30:1800+30"]

1. e4 c5 2. Nf3 Nc6 3. Bb5 g6 4. Bxc6 bxc6 $11 {[%emt 0:00:13] LiveBook: 1493 Games} 5. d4 Bg7 6. dxc5 Qa5+ 7. Nbd2 Ba6 8. Rb1 Qxa2 9. b4 Bb5 10. Rb3 Nf6 11. Ra3 Qe6 12. c4 Nxe4 13. Qe2 Bc3 14. Rxc3 Nxc3 15. Qxe6 dxe6 16. Bb2 Ba4 17. Bxc3 O-O 18. Ke2 Rfd8 19. Ra1 Bc2 20. Nd4 Bd3+ 21. Ke3 Bf5 22. Ne4 Bxe4 23. Kxe4 Rdc8 24. Ra6 g5 25. Nxc6 f5+ 26. Ke5 Kf7 27. Nd4 Rd8 28. Nxe6 Rd3 29. Nxg5+ Kg7 30. Bd4 1-0

[Event "WYCC 2018 O18"]
[Site "Halkidiki"]
[Date "2018.10.26"]
[Round "7"]
[White "Szabo, Marton Mihaly"]
[Black "Manu David Suthandram R"]
[Result "1/2-1/2"]
[ECO "B20"]
[WhiteElo "2307"]
[BlackElo "1970"]
[Annotator "NA"]
[PlyCount "96"]
[EventDate "2018.10.20"]
[EventType "swiss"]
[EventCountry "GRE"]
[SourceTitle "playchess.com"]
[Source "ChessBase"]
[SourceQuality "1"]
[TimeControl "40/5400+30:1800+30"]

1. e4 c5 2. c4 Nc6 3. Nc3 e6 4. g3 b6 5. Bg2 Bb7 6. Nge2 a6 7. O-O Qc7 8. d3 g6 $16 (8... Be7 $14) 9. Be3 Bg7 10. d4 d6 11. Rc1 Nge7 12. b3 O-O 13. h3 Rac8 14. Qd2 e5 15. dxe5 dxe5 16. Nd5 Nxd5 17. cxd5 Nd4 18. f4 Qd6 19. fxe5 Nxe2+ 20. Qxe2 Bxe5 21. Bf4 Rfe8 22. Qf3 Rc7 23. Kh2 Kg7 24. a4 f6 25. Rf2 Rce7 26. a5 b5 27. Rfc2 Rc7 28. h4 Bxf4 29. Qxf4 Re5 30. Qf2 f5 31. Rxc5 Rce7 32. exf5 Rxf5 33. Qd4+ Qf6 34. Qxf6+ Kxf6 35. g4 Rf2 36. g5+ Kf7 37. Kg3 Rd2 38. Rc7 Bxd5 39. Rf1+ Ke8 40. Rc8+ Kd7 41. Bh3+ Kd6 42. Rc3 Rde2 43. Rf6+ Ke5 44. Rd3 Be4 45. Rd8 Re3+ 46. Kh2 Rxb3 47. Rxa6 Rb2+ 48. Kg3 Rb3+ 1/2-1/2

[Event "WYCC 2018 O18"]
[Site "Halkidiki"]
[Date "2018.10.26"]
[Round "7"]
[White "Carnicelli, Valerio"]
[Black "Kadianis, Georgios"]
[Result "1-0"]
[ECO "C45"]
[WhiteElo "2299"]
[BlackElo "1928"]
[Annotator "NA"]
[PlyCount "85"]
[EventDate "2018.10.20"]
[EventType "swiss"]
[EventCountry "GRE"]
[SourceTitle "playchess.com"]
[Source "ChessBase"]
[SourceQuality "1"]
[TimeControl "40/5400+30:1800+30"]

1. e4 e5 2. Nf3 Nc6 3. d4 exd4 4. Nxd4 Bc5 5. Nb3 Bb6 6. Nc3 d6 7. Qe2 Nge7 8. Be3 O-O 9. O-O-O f5 10. f4 fxe4 11. g3 Qe8 12. Bxb6 $14 axb6 13. Qxe4 Kh8 14. a3 Bf5 15. Qc4 d5 16. Qe2 Qg6 17. Bg2 Rfe8 18. Qf2 Na5 19. Nxa5 Rxa5 20. Nxd5 Nxd5 21. Rxd5 Rxd5 22. Bxd5 c6 23. Bf3 b5 24. g4 Be4 25. Re1 Bxf3 26. Rxe8+ Qxe8 27. Qxf3 h5 28. g5 Qe1+ 29. Qd1 Qe3+ 30. Kb1 Qxf4 31. g6 Kg8 32. b3 Qf6 33. Qxh5 Kf8 34. Qg4 b6 35. h4 c5 36. h5 Qc3 37. Qf5+ Ke7 38. Qf7+ Kd6 39. h6 b4 40. Qf4+ Kc6 41. axb4 Qe1+ 42. Ka2 cxb4 43. hxg7 1-0

[Event "WYCC 2018 O18"]
[Site "Halkidiki"]
[Date "2018.10.26"]
[Round "7"]
[White "Kandil, Adham"]
[Black "Vourlis-Koletis, Miltiadis"]
[Result "1-0"]
[ECO "B03"]
[WhiteElo "2292"]
[BlackElo "1839"]
[Annotator "NA"]
[PlyCount "37"]
[EventDate "2018.10.20"]
[EventType "swiss"]
[EventCountry "GRE"]
[SourceTitle "playchess.com"]
[Source "ChessBase"]
[SourceQuality "1"]
[TimeControl "40/5400+30:1800+30"]

1. e4 Nf6 2. e5 Nd5 3. c4 Nb6 4. d4 d6 5. f4 dxe5 6. fxe5 Nc6 7. Be3 Bf5 8. Nc3 f6 9. Nf3 e6 10. exf6 Qxf6 11. Bg5 Qf7 12. d5 Nb4 13. Ne5 Nc2+ 14. Kd2 Qg8 15. g4 h6 16. gxf5 hxg5 17. Kxc2 exd5 18. Ng6 Rh6 19. Qe1+ 1-0

[Event "WYCC 2018 O18"]
[Site "Halkidiki"]
[Date "2018.10.26"]
[Round "7"]
[White "Martinez Fernandez, Adrian"]
[Black "Gonzalez Carrillo, Javier Omar"]
[Result "1/2-1/2"]
[ECO "B33"]
[WhiteElo "2277"]
[BlackElo "2031"]
[Annotator "NA"]
[PlyCount "115"]
[EventDate "2018.10.20"]
[EventType "swiss"]
[EventCountry "GRE"]
[SourceTitle "playchess.com"]
[Source "ChessBase"]
[SourceQuality "1"]
[TimeControl "40/5400+30:1800+30"]

1. e4 c5 2. Nf3 Nc6 3. d4 cxd4 4. Nxd4 Nf6 5. Nc3 e5 6. Ndb5 d6 7. Bg5 a6 8. Na3 b5 9. Nd5 Be7 10. Bxf6 Bxf6 11. c4 b4 12. Nc2 O-O 13. Ncxb4 Nxb4 14. Nxb4 Qb6 15. Qd2 Rb8 16. Nd3 Qd4 17. f3 Be6 18. Rc1 Bxc4 19. b3 Be6 20. Qf2 Qxf2+ 21. Kxf2 Rfc8 22. Be2 Bg5 23. Rxc8+ Rxc8 24. Rb1 a5 25. Rb2 f5 26. Ne1 fxe4 27. fxe4 Bd8 28. Bf3 Bb6+ 29. Ke2 g5 30. h3 Rf8 31. Rc2 Bd7 32. Kd1 Kg7 33. Rd2 Rf6 34. Rd3 Kg6 35. Nc2 Bb5 36. Rc3 Rf8 37. Na3 Bd7 38. Nc4 Bd4 39. Rd3 Bb5 40. Rd2 Bxc4 41. bxc4 Rb8 42. Rc2 h5 43. Kd2 Rf8 44. Ke2 Rf4 45. g3 Rf8 46. Rd2 Rb8 47. Kd3 Rb4 48. Bd1 Rb8 49. Bf3 Rb1 50. Bd1 Rc1 51. Ke2 Rxc4 52. Bb3 Rc8 53. Rd1 g4 54. hxg4 hxg4 55. Be6 Rc3 56. Rd3 Rxd3 57. Kxd3 Kg5 58. Ke2 1/2-1/2

[Event "WYCC 2018 O18"]
[Site "Halkidiki"]
[Date "2018.10.26"]
[Round "7"]
[White "Alexiadis, Hristos"]
[Black "Muha, Miljenko"]
[Result "1-0"]
[ECO "C50"]
[WhiteElo "2263"]
[BlackElo "2365"]
[Annotator "NA"]
[PlyCount "111"]
[EventDate "2018.10.20"]
[EventType "swiss"]
[EventCountry "GRE"]
[SourceTitle "playchess.com"]
[Source "ChessBase"]
[SourceQuality "1"]
[TimeControl "40/5400+30:1800+30"]

1. e4 e5 2. Nf3 Nc6 3. Bc4 Nf6 4. d3 Bc5 5. c3 O-O 6. Nbd2 d6 7. h3 Ne7 8. O-O Ng6 $11 {[%emt 0:01:35] LiveBook: 7 Games} 9. d4 Bb6 10. Re1 exd4 11. Nxd4 d5 12. exd5 Nxd5 13. Ne4 c6 14. Bb3 h6 15. a4 Ndf4 16. Qf3 Bc7 17. Bxf4 Nxf4 18. Rad1 Qh4 19. Ng3 Qg5 20. Bc2 Nd5 21. Bb3 Nf6 22. Ndf5 Bxf5 23. Nxf5 Rae8 24. g3 Rxe1+ 25. Rxe1 g6 26. Nxh6+ Kg7 27. Nxf7 Rxf7 28. Bxf7 Kxf7 29. Rd1 Qf5 30. Qxf5 gxf5 31. f4 b5 32. axb5 cxb5 33. Kg2 Ke6 34. Kf3 Nd5 35. Re1+ Kf7 36. Rc1 Nb6 37. Rd1 a5 38. g4 fxg4+ 39. hxg4 a4 40. g5 Ke7 41. Kg4 Nc4 42. Re1+ Kf7 43. Re2 Bb6 44. Kf3 b4 45. cxb4 Bd4 46. Rc2 Nxb2 47. Rc7+ Kg8 48. Rc8+ Kf7 49. Ra8 Ke6 50. Ke4 Bc3 51. f5+ Kd6 52. f6 Ke6 53. Ra6+ Kf7 54. Kf5 Bxf6 55. gxf6 Nd3 56. Rxa4 1-0

[Event "WYCC 2018 O18"]
[Site "Halkidiki"]
[Date "2018.10.26"]
[Round "7"]
[White "Galiana Fernandez, Adrian"]
[Black "Zhu, Brandon"]
[Result "0-1"]
[ECO "C55"]
[WhiteElo "2261"]
[BlackElo "1914"]
[Annotator "NA"]
[PlyCount "80"]
[EventDate "2018.10.20"]
[EventType "swiss"]
[EventCountry "GRE"]
[SourceTitle "playchess.com"]
[Source "ChessBase"]
[SourceQuality "1"]
[TimeControl "40/5400+30:1800+30"]

1. e4 e5 2. Nf3 Nc6 3. Bc4 Nf6 4. d3 Be7 {[%emt 0:00:10] LiveBook: 4305 Games} 5. O-O O-O 6. Re1 d6 7. a4 Na5 8. Ba2 c5 9. c3 Nc6 10. Na3 Re8 11. Bg5 Nd7 $14 12. Bd2 Bf6 13. b4 cxb4 14. cxb4 a5 15. Nb5 Nf8 16. bxa5 Ne6 17. Qb3 Qe7 18. Qa3 Nc5 19. Rac1 b6 20. Bd5 Bb7 21. Nxd6 Qxd6 22. axb6 Be7 23. a5 Rec8 24. Bg5 Bf8 25. Bd2 h6 26. Qa2 Nxd3 27. Bxf7+ Kh8 28. Be6 Nxe1 29. Rxe1 Rd8 30. Re3 Nd4 31. Ng5 Qe7 32. Nf7+ Kh7 33. Bc4 Rdc8 34. Rh3 Rxc4 35. Qxc4 Ne2+ 36. Kh1 Nf4 37. Bxf4 exf4 38. e5 Rxa5 39. Qc3 Rc5 40. Qd3+ g6 0-1

[Event "WYCC 2018 O18"]
[Site "Halkidiki"]
[Date "2018.10.26"]
[Round "7"]
[White "Ozates, Tuna"]
[Black "Roshka, Yevgeniy"]
[Result "1/2-1/2"]
[ECO "A45"]
[WhiteElo "2225"]
[BlackElo "2328"]
[Annotator "NA"]
[PlyCount "121"]
[EventDate "2018.10.20"]
[EventType "swiss"]
[EventCountry "GRE"]
[SourceTitle "playchess.com"]
[Source "ChessBase"]
[SourceQuality "1"]
[TimeControl "40/5400+30:1800+30"]

1. d4 Nf6 2. Bg5 d5 3. Bxf6 exf6 4. e3 Bd6 5. c4 dxc4 6. Bxc4 f5 7. Nf3 O-O 8. Nc3 {[%emt 0:00:20] LiveBook: 51 Games} c6 9. O-O Nd7 10. Rb1 Nf6 11. b4 $15 (11. Rc1 $11) 11... Ne4 12. Qd3 Qe7 13. b5 Nxc3 14. Qxc3 cxb5 15. Rxb5 f4 16. exf4 Bxf4 17. Re1 Qf6 18. Ne5 Qh6 19. g3 Bxe5 20. dxe5 Qc6 21. Qb3 Qc7 22. Bd5 Rb8 23. Rb4 b6 24. Rf4 Bb7 25. Bxb7 Qxb7 26. e6 fxe6 27. Rxe6 Kh8 28. Rxf8+ Rxf8 29. Qe3 Qd7 30. a3 h6 31. h4 Qd1+ 32. Kh2 Qf3 33. Re8 Kh7 34. Rxf8 Qxf8 35. a4 Qf5 36. Qd4 Qb1 37. Kg2 a6 38. Kf3 b5 39. axb5 axb5 40. Ke3 b4 41. h5 Qe1+ 42. Kf3 Kg8 43. Qd8+ Kf7 44. Qd7+ Qe7 45. Qd5+ Ke8 46. Kg2 Kf8 47. Qa8+ Kf7 48. Qd5+ Kf6 49. Qd4+ Kf5 50. Qf4+ Ke6 51. Qe4+ Kd7 52. Qb7+ Ke8 53. Qa8+ Kf7 54. Qd5+ Kf8 55. Qa8+ Qe8 56. Qf3+ Kg8 57. Qb3+ Kh8 58. Qxb4 Qxh5 59. Qb8+ Kh7 60. Qb1+ Qg6 61. Qb7 1/2-1/2

[Event "WYCC 2018 O18"]
[Site "Halkidiki"]
[Date "2018.10.26"]
[Round "7"]
[White "Goncalves, Davi Sulzbacher"]
[Black "Szustakowski, Antoni"]
[Result "1/2-1/2"]
[ECO "E06"]
[WhiteElo "2177"]
[BlackElo "2319"]
[Annotator "NA"]
[PlyCount "106"]
[EventDate "2018.10.20"]
[EventType "swiss"]
[EventCountry "GRE"]
[SourceTitle "playchess.com"]
[Source "ChessBase"]
[SourceQuality "1"]
[TimeControl "40/5400+30:1800+30"]

1. d4 Nf6 2. c4 e6 3. Nf3 d5 4. g3 Be7 5. Bg2 O-O 6. O-O dxc4 7. Qc2 b6 8. Nfd2 c6 9. Nxc4 Bb7 10. Rd1 Qc8 11. Bf4 (11. e4 $16) 11... Rd8 $14 12. Nc3 Na6 13. Ne4 Nxe4 14. Qxe4 Nb4 15. Ne5 Rb8 16. Nxf7 c5 17. d5 Rxd5 18. Rxd5 Bxd5 19. Qe5 Nc6 20. Qh5 g6 21. Nh6+ Kg7 22. Qh3 e5 23. Nf5+ Qxf5 24. Bh6+ Kf6 25. Qxf5+ gxf5 26. Bxd5 Nd4 27. Kf1 Rd8 28. e4 Nc2 29. Rd1 Nb4 30. a3 Nxd5 31. exd5 Kg6 32. Be3 e4 33. b3 Bf6 34. Ke2 Bc3 35. a4 Rd7 36. f3 h5 37. h3 Be5 38. Bf4 Bd4 39. d6 Kf6 40. b4 Ke6 41. g4 exf3+ 42. Kxf3 hxg4+ 43. hxg4 fxg4+ 44. Kxg4 Rg7+ 45. Kf3 Rg1 46. Rxg1 Bxg1 47. b5 c4 48. Ke4 Bc5 49. d7 Kxd7 50. Kd5 c3 51. Kc4 c2 52. Kb3 Bd6 53. Bd2 Ke6 1/2-1/2

[Event "WYCC 2018 O18"]
[Site "Halkidiki"]
[Date "2018.10.26"]
[Round "7"]
[White "Veleshnja, Zino"]
[Black "Kouskoutis, Georgios-Alexandros"]
[Result "0-1"]
[ECO "E06"]
[WhiteElo "2155"]
[BlackElo "2296"]
[Annotator "NA"]
[PlyCount "98"]
[EventDate "2018.10.20"]
[EventType "swiss"]
[EventCountry "GRE"]
[SourceTitle "playchess.com"]
[Source "ChessBase"]
[SourceQuality "1"]
[TimeControl "40/5400+30:1800+30"]

1. d4 Nf6 2. c4 e6 3. g3 d5 4. Nf3 Be7 5. Bg2 O-O 6. O-O c6 7. Qc2 b6 8. Bf4 Bb7 9. Rd1 Nbd7 10. Nc3 Rc8 11. Ne5 b5 12. cxb5 cxb5 13. a3 Nb6 14. Rdc1 Nfd7 15. Nd3 Nc4 16. b4 Bf6 17. Nc5 Nxc5 18. dxc5 Bxc3 19. Qxc3 d4 20. Qc2 Bxg2 21. Kxg2 Qd5+ 22. Kg1 e5 23. Bd2 e4 24. a4 a6 25. axb5 axb5 26. Rd1 d3 27. Bc3 Rfd8 28. Qb1 Rc6 29. e3 h5 30. Rf1 h4 31. Qd1 Rg6 32. Bd4 Qf5 33. Kg2 Qg5 34. f4 Qf5 35. Qe1 Rh6 36. gxh4 Rg6+ 37. Kh1 Qg4 38. Qf2 Rxd4 39. Rg1 Qh5 40. Rxg6 fxg6 41. exd4 e3 42. Qg3 d2 43. f5 d1=Q+ 44. Rxd1 Qxd1+ 45. Kg2 Qc2+ 46. Kg1 Qxf5 47. c6 Nd2 48. h3 Qf1+ 49. Kh2 Nf3+ 0-1

[Event "WYCC 2018 O18"]
[Site "Halkidiki"]
[Date "2018.10.26"]
[Round "7"]
[White "Giesinger, Elias"]
[Black "Bronstein, Or"]
[Result "1/2-1/2"]
[ECO "A49"]
[WhiteElo "2131"]
[BlackElo "2385"]
[Annotator "NA"]
[PlyCount "65"]
[EventDate "2018.10.20"]
[EventType "swiss"]
[EventCountry "GRE"]
[SourceTitle "playchess.com"]
[Source "ChessBase"]
[SourceQuality "1"]
[TimeControl "40/5400+30:1800+30"]

1. d4 Nf6 2. Nf3 g6 3. g3 Bg7 4. Bg2 O-O 5. O-O c5 6. dxc5 Na6 7. Be3 Ne4 8. Bd4 Nexc5 9. Bxg7 Kxg7 10. c4 d6 11. Nc3 Bd7 12. a3 Rb8 13. b4 Ne6 14. Rc1 Kg8 15. Qd2 Nac7 16. Rfd1 a5 17. c5 axb4 18. axb4 Nb5 19. cxd6 exd6 20. Nxb5 Bxb5 21. e3 Ba4 22. Re1 Qb6 23. Nd4 Rfe8 24. Nxe6 Rxe6 25. Bd5 Re7 26. Rc4 Bb3 27. Rd4 Bxd5 28. Rxd5 Re4 29. Rb1 Rd8 30. b5 Re5 31. Rd1 Rxd5 32. Qxd5 Rc8 33. Rb1 1/2-1/2

[Event "WYCC 2018 O18"]
[Site "Halkidiki"]
[Date "2018.10.26"]
[Round "7"]
[White "Samaridis, Konstantinos"]
[Black "Liska, Jiri"]
[Result "0-1"]
[ECO "B05"]
[WhiteElo "2052"]
[BlackElo "2245"]
[Annotator "NA"]
[PlyCount "86"]
[EventDate "2018.10.20"]
[EventType "swiss"]
[EventCountry "GRE"]
[SourceTitle "playchess.com"]
[Source "ChessBase"]
[SourceQuality "1"]
[TimeControl "40/5400+30:1800+30"]

1. e4 Nf6 2. e5 Nd5 3. d4 d6 4. Nf3 Bg4 5. Be2 e6 6. c4 Nb6 7. exd6 cxd6 8. h3 Bh5 9. Nc3 Be7 10. g4 Bg6 11. h4 h5 $11 12. g5 N8d7 13. d5 e5 14. Be3 Rc8 15. b3 Nc5 16. Bxc5 Rxc5 17. Nd2 Rc8 18. Nde4 Nd7 19. O-O f5 20. gxf6 gxf6 21. Kh2 f5 22. Rg1 Kf7 23. Ng5+ Bxg5 24. Rxg5 Qf6 25. b4 e4 26. Qa4 Qe5+ 27. Kg2 Rcd8 28. Qb3 Nf6 29. Rh1 Nh7 30. Rg3 f4 31. Rgh3 f3+ 32. Bxf3 exf3+ 33. Rxf3+ Nf6 34. c5 Rhg8 35. Kf1 Rde8 36. Re3 Qd4 37. Re6 Bd3+ 38. Ke1 Nxd5 39. Re3 Rxe3+ 40. fxe3 Qxe3+ 41. Kd1 Qf3+ 42. Kd2 Rg2+ 43. Ke1 Qf2+ 0-1

[Event "WYCC 2018 O18"]
[Site "Halkidiki"]
[Date "2018.10.27"]
[Round "8"]
[White "Gholami, Aryan"]
[Black "Giesinger, Elias"]
[Result "1-0"]
[ECO "A46"]
[WhiteElo "2493"]
[BlackElo "2131"]
[Annotator "ChessBase"]
[PlyCount "81"]
[EventDate "2018.10.20"]
[EventType "swiss"]
[EventCountry "GRE"]
[SourceTitle "playchess.com"]
[Source "ChessBase"]
[SourceQuality "1"]
[TimeControl "40/5400+30:1800+30"]

1. d4 Nf6 2. Nf3 e6 3. Bf4 c5 4. e3 cxd4 5. exd4 Be7 6. Nbd2 O-O 7. h3 b6 8. Bd3 Bb7 9. c3 d6 10. O-O Nbd7 11. Bh2 Re8 12. Re1 Bf8 13. a4 a6 14. Qe2 Qc7 15. Qf1 g6 16. Ng5 Qc6 17. Nc4 h6 18. Ne4 Nxe4 19. Bxe4 d5 20. Bf3 Red8 21. Ne3 Nf6 22. Be2 Qc8 23. Bd3 Bc6 24. Qe2 Qb7 25. Qf3 Bg7 26. Be5 Qe7 27. Qe2 Qb7 28. Ng4 Nxg4 29. hxg4 b5 30. Bxg7 Kxg7 31. Qe5+ Kg8 32. Re3 Qe7 33. Rh3 Qg5 34. Qh2 Kg7 35. f4 Qe7 36. axb5 Bxb5 37. Bxb5 axb5 38. Rxa8 Rxa8 39. Rxh6 Ra1+ 40. Kf2 Qf6 41. Rh8 1-0

[Event "WYCC 2018 O18"]
[Site "Halkidiki"]
[Date "2018.10.27"]
[Round "8"]
[White "Bronstein, Or"]
[Black "Torres Cueto, Jesus Marcial"]
[Result "1/2-1/2"]
[ECO "A22"]
[WhiteElo "2385"]
[BlackElo "2078"]
[Annotator "NA"]
[PlyCount "93"]
[EventDate "2018.10.20"]
[EventType "swiss"]
[EventCountry "GRE"]
[SourceTitle "playchess.com"]
[Source "ChessBase"]
[SourceQuality "1"]
[TimeControl "40/5400+30:1800+30"]

1. c4 e5 2. Nc3 Nf6 3. Nf3 d6 4. g3 g6 5. Bg2 Bg7 6. O-O O-O 7. d3 h6 8. Rb1 Nc6 9. b4 Be6 10. b5 Ne7 11. Bb2 {[%emt 0:01:15] LiveBook: 8 Games} Qc8 12. Re1 Nh5 13. a4 f5 14. e3 Bf6 $16 15. Nd2 Ng7 16. Qc2 c6 17. bxc6 bxc6 18. Ba3 Qc7 19. a5 Rab8 20. Qa4 e4 21. d4 Bd7 22. c5 d5 23. a6 g5 24. Rxb8 Rxb8 25. Rb1 f4 26. Rxb8+ Qxb8 27. Qb3 Qxb3 28. Nxb3 fxe3 29. fxe3 g4 30. Bb4 Nef5 31. Kf2 Bg5 32. Nd1 Bd8 33. Ba5 Bxa5 34. Nxa5 Kf7 35. Nc3 Ne6 36. Na2 Ne7 37. Nb4 Ng5 38. Bf1 Ke8 39. Nb7 Nf3 40. Nd6+ Kd8 41. Nf7+ Ke8 42. Nd6+ Kd8 43. Be2 Nxh2 44. Nf7+ Ke8 45. Nd6+ Kd8 46. Nf7+ Ke8 47. Nd6+ 1/2-1/2

[Event "WYCC 2018 O18"]
[Site "Halkidiki"]
[Date "2018.10.27"]
[Round "8"]
[White "Muha, Miljenko"]
[Black "Rengifo Blancas, Renzo Jhonathan"]
[Result "1-0"]
[ECO "D31"]
[WhiteElo "2365"]
[BlackElo "2123"]
[Annotator "NA"]
[PlyCount "155"]
[EventDate "2018.10.20"]
[EventType "swiss"]
[EventCountry "GRE"]
[SourceTitle "playchess.com"]
[Source "ChessBase"]
[SourceQuality "1"]
[TimeControl "40/5400+30:1800+30"]

1. d4 d5 2. c4 e6 3. Nc3 c6 4. Nf3 dxc4 5. e3 b5 6. a4 Bb4 7. Bd2 a5 8. axb5 Bxc3 9. Bxc3 cxb5 10. b3 Bb7 11. bxc4 b4 12. Bb2 Nf6 13. c5 O-O 14. Bb5 Qc7 15. h3 $11 Bc6 16. Ba4 Nbd7 17. O-O Rfb8 18. Bxc6 Qxc6 19. Qa4 Qd5 20. Rfd1 b3 21. Nd2 Rb4 22. Qa3 Rb5 23. Rdc1 Nb8 24. Nc4 Nbd7 25. c6 Qxc6 26. Nd6 Qb6 27. Nxb5 Qxb5 28. Rc3 Ne4 29. Rxb3 Qe2 30. f3 Qf2+ 31. Kh1 Ng3+ 32. Kh2 Nf5 33. e4 Nxd4 34. Bxd4 Qxd4 35. Rd3 Qe5+ 36. Kh1 Nf6 37. Qc3 Qb5 38. Rxa5 Qb1+ 39. Kh2 Rf8 40. Qd2 Qb8+ 41. Kh1 h6 42. Ra1 Qe5 43. Rd1 Nh5 44. Qf2 Qg5 45. Rc3 Qf4 46. g4 Nf6 47. Kg2 Ra8 48. Qc2 h5 49. Rc8+ Rxc8 50. Qxc8+ Kh7 51. Qc2 Qe5 52. Qf2 g5 53. Qd4 Qf4 54. Qd6 e5 55. Qd2 Qxd2+ 56. Rxd2 h4 57. Rd5 Nxd5 58. exd5 Kg7 59. Kf2 Kf6 60. Ke3 Ke7 61. Ke4 Kd6 62. Kf5 Kxd5 63. Kxg5 e4 64. fxe4+ Kxe4 65. Kf6 Kf4 66. Kxf7 Kg3 67. g5 Kxh3 68. g6 Kh2 69. g7 h3 70. g8=Q Kh1 71. Qa8+ Kg1 72. Qa1+ Kg2 73. Qb2+ Kg1 74. Qc1+ Kg2 75. Qd2+ Kg1 76. Qe1+ Kg2 77. Qe2+ Kg3 78. Qf1 1-0

[Event "WYCC 2018 O18"]
[Site "Halkidiki"]
[Date "2018.10.27"]
[Round "8"]
[White "Stijve, Theo"]
[Black "Brewer, Callum D"]
[Result "1-0"]
[ECO "B12"]
[WhiteElo "2345"]
[BlackElo "2056"]
[Annotator "NA"]
[PlyCount "113"]
[EventDate "2018.10.20"]
[EventType "swiss"]
[EventCountry "GRE"]
[SourceTitle "playchess.com"]
[Source "ChessBase"]
[SourceQuality "1"]
[TimeControl "40/5400+30:1800+30"]

1. e4 c6 2. d4 d5 3. e5 Bf5 4. h4 h5 5. Bd3 Bxd3 6. Qxd3 Qa5+ 7. Bd2 Qa6 8. e6 Qxd3 9. exf7+ Kxf7 10. cxd3 Nh6 11. Bc3 Nf5 12. Nf3 Nd7 13. Nbd2 g6 14. Ng5+ Kf6 15. Ndf3 Bh6 $14 16. g3 Bxg5 17. Nxg5 a5 18. a4 Rhe8 19. Kd1 b6 20. Re1 e6 21. b3 Nf8 22. Ra2 Re7 23. Rae2 b5 24. Ra2 b4 25. Ba1 Nh7 26. Nf3 Rc7 27. Rc2 Nf8 28. Ne5 Ra6 29. Bb2 Nd7 30. Nf3 Rc8 31. Ng5 Nf8 32. Kd2 Ke7 33. Ke2 Kf6 34. Kf3 Rc7 35. Kg2 Rc8 36. Kh3 Rc7 37. f3 Re7 38. g4 Ng7 39. Bc1 Re8 40. Bf4 Nd7 41. Nh7+ Kf7 42. Bd6 Rh8 43. Ng5+ Kf6 44. Kg3 Re8 45. Kf4 Rh8 46. Kg3 Re8 47. Rec1 Rc8 48. Kf4 Rb6 49. Nh3 Ra6 50. Be5+ Nxe5 51. dxe5+ Kf7 52. d4 Rb6 53. Rc5 Ra6 54. Kg5 Ne8 55. Nf4 Ng7 56. Nxg6 Rg8 57. Rxc6 1-0

[Event "WYCC 2018 O18"]
[Site "Halkidiki"]
[Date "2018.10.27"]
[Round "8"]
[White "Tran, Minh Thang"]
[Black "Miciano, John Marvin"]
[Result "1/2-1/2"]
[ECO "B18"]
[WhiteElo "2341"]
[BlackElo "2361"]
[Annotator "NA"]
[PlyCount "65"]
[EventDate "2018.10.20"]
[EventType "swiss"]
[EventCountry "GRE"]
[SourceTitle "playchess.com"]
[Source "ChessBase"]
[SourceQuality "1"]
[TimeControl "40/5400+30:1800+30"]

1. e4 c6 2. d4 d5 3. Nc3 dxe4 4. Nxe4 Bf5 5. Ng3 Bg6 6. h4 h6 7. Nf3 e6 8. h5 Bh7 9. Bd3 Bxd3 10. Qxd3 Nf6 11. Bf4 Bd6 $11 {[%emt 0:02:59] LiveBook: 80 Games} 12. Ne5 Bxe5 13. Bxe5 Qa5+ 14. c3 Nbd7 15. f4 O-O-O 16. Qe2 Ne8 17. Ne4 f6 18. Bd6 f5 19. Bb4 Qc7 20. Nf2 Nef6 21. Be7 Rde8 22. Bxf6 gxf6 23. Nd3 e5 24. dxe5 fxe5 25. fxe5 Nxe5 26. O-O-O Nxd3+ 27. Qxd3 Qf4+ 28. Kc2 Qe4 29. Rhf1 Rhg8 30. Qxe4 fxe4 31. Rd2 e3 32. Re2 Rg5 33. Rf3 1/2-1/2